[Event "French Top 16-A 2024"]
[Site "Chartres"]
[Date "2024.06.03"]
[Round "5.5"]
[White "Van Wely, Loek"]
[Black "Vitoux, Colomban"]
[Result "1-0"]
[ECO "D91"]
[WhiteElo "2608"]
[BlackElo "2374"]
[Annotator "TA"]
[PlyCount "81"]
[EventDate "2024.06.01"]
[EventType "team-tourn"]
[EventCountry "FRA"]
[SourceTitle "playchess.com"]
[Source "ChessBase"]
[SourceQuality "1"]
[TimeControl "40/5400+30:1800+30"]

1. c4 Nf6 2. Nc3 g6 3. d4 d5 4. Bg5 Ne4 5. Bh4 Nxc3 6. bxc3 Bg7 7. e3 c5 8. Nf3 Nc6 9. cxd5 Qxd5 10. Be2 cxd4 11. cxd4 e5 12. dxe5 Qa5+ 13. Qd2 Qxd2+ {[%emt 0:03:16] White is slightly better.} 14. Kxd2 O-O 15. Rac1 Be6 16. Rc5 Rfc8 17. Bd3 Nb4 18. Rxc8+ Rxc8 19. Be4 Bxa2 20. Ra1 Rc7 21. Bf6 Bxf6 22. exf6 a6 23. g4 h6 24. h4 Rc5 25. Nd4 (25. Bxb7 Rc2+ 26. Ke1 Nd3+ 27. Kf1 Rxf2+ 28. Kg1 Rb2) 25... Bd5 26. Bxd5 Rxd5 $14 {[%emt 0:00:31][%mdl 4096] Endgame. KRN-KRN} 27. Kc3 Nc6 (27... a5 $11 {keeps the balance.}) 28. Kc4 ({White should play} 28. Nxc6 $16 {And now Ne7+ would win.} Rc5+ 29. Kb4 Rxc6 30. g5) 28... Rd7 ({Black should try} 28... Rd6 $14) 29. f4 {[%emt 0:01:28] White is more active.} Nxd4 $4 {[%emt 0:00:23][%mdl 8192] [#] Black cannot hold the game after this.} (29... Na7 $16 {is a better chance.}) 30. exd4 $16 {[%emt 0:00:02][%cal Be3d4,Bd4d5][%mdl 32] KR-KR} g5 31. fxg5 (31. hxg5 hxg5 32. fxg5 Kh7 $18) 31... hxg5 32. h5 (32. hxg5 Kh7 33. d5 a5 $11) 32... Rd6 33. Rf1 Rc6+ 34. Kd3 b5 35. d5 Rc4 36. Re1 (36. Rd1 $142 Kf8 37. h6 Rxg4 38. d6 Ke8 39. Rh1 Rg3+ 40. Ke4 Kd7 41. h7 Rg4+ 42. Kd5) 36... Rc5 37. Kd4 Rc4+ 38. Ke5 Rc8 39. Rd1 (39. Kd6 $142 b4 40. Ke7 Rc7+ 41. Kd8 Rc4 42. d6 Rxg4 43. d7 Rc4 44. Re8+ (44. Ke8 Rd4 45. d8=Q Rxd8+ 46. Kxd8 g4 47. Re8+ Kh7 48. Ke7 Kh6 49. Kxf7 Kg5) 44... Kh7 45. Ke7) 39... Re8+ 40. Kd4 b4 41. d6 {[%emt 0:32:37] Weighted Error Value: White=0.12 (very precise) /Black=0.96.  Loses game:     	---       	Black=1      Mistake:       	White=1     	Black=2      Inaccurate:     	---       	Black=1      OK:         	White=9     	Black=5      Best:        	White=2     	---} 1-0

[Event "French Top 16-A 2024"]
[Site "Chartres"]
[Date "2024.06.03"]
[Round "5.5"]
[White "Girel, Joseph"]
[Black "Pelletier, Yannick"]
[Result "1/2-1/2"]
[ECO "C11"]
[WhiteElo "2477"]
[BlackElo "2515"]
[Annotator "TA"]
[PlyCount "81"]
[EventDate "2024.06.01"]
[EventType "team-tourn"]
[EventCountry "FRA"]
[SourceTitle "playchess.com"]
[Source "ChessBase"]
[SourceQuality "1"]
[TimeControl "40/5400+30:1800+30"]

1. e4 e6 2. d4 d5 3. Nc3 Nf6 4. e5 Nfd7 5. f4 c5 6. Nf3 Nc6 7. Be3 a6 8. Ne2 Qb6 9. Qc1 cxd4 10. Nexd4 {[%emt 0:01:36] White is slightly better.} Nxd4 11. Nxd4 f6 12. exf6 Nxf6 13. Be2 {[%emt 0:01:33] Against Ng4} Bc5 14. c3 a5 15. O-O O-O 16. a3 a4 $1 17. Nc2 Re8 (17... Ne4 $11 {was preferrable.}) 18. Bxc5 $14 Qxc5+ 19. Nd4 e5 20. fxe5 Rxe5 21. Bd3 Bd7 22. Qf4 Rae8 23. Qf2 (23. Rf3 {is more complex.} Re1+ 24. Rxe1 Rxe1+ 25. Kf2) 23... R5e7 24. Nf5 Qxf2+ 25. Rxf2 Re1+ 26. Rxe1 Rxe1+ 27. Rf1 Bxf5 28. Bxf5 $11 {[%emt 0:00:11][%mdl 4096] Endgame. KRB-KRN} Re2 29. Rf2 Re1+ 30. Rf1 Re2 31. g4 g5 (31... Rxb2 $2 {too greedy.} 32. g5 $18) 32. Rf2 Re1+ 33. Kg2 Kg7 34. Rd2 Kf7 35. Kf2 Re4 {[%emt 0:01:10] The position is equal.} 36. Rd4 Rxd4 37. cxd4 Ke7 38. Ke3 Kd6 39. Kd3 Kc6 40. Kc3 Kb5 41. Bd3+ {[%emt 0:33:06] Weighted Error Value: White=0.05 (flawless) /Black=0.06 (flawless) .  Mistake:       	---       	Black=1      Inaccurate:     	White=1     	Black=1      OK:         	White=9     	Black=18     Best:        	White=1     	Black=1      Strong:       	---       	Black=1} 1/2-1/2

[Event "French Top 16-A 2024"]
[Site "Chartres"]
[Date "2024.06.03"]
[Round "5.6"]
[White "Cornette, Matthieu"]
[Black "Degraeve, Remy"]
[Result "0-1"]
[ECO "D35"]
[WhiteElo "2568"]
[BlackElo "2433"]
[Annotator "TA"]
[PlyCount "48"]
[EventDate "2024.06.01"]
[EventType "team-tourn"]
[EventCountry "FRA"]
[SourceTitle "playchess.com"]
[Source "ChessBase"]
[SourceQuality "1"]
[TimeControl "40/5400+30:1800+30"]

1. d4 Nf6 2. c4 e6 3. Nc3 d5 4. cxd5 exd5 5. Bg5 Bb4 6. e3 h6 7. Bh4 g5 8. Bg3 Ne4 9. Nge2 h5 {[%emt 0:00:13] White is slightly better.} 10. h3 Nc6 11. Bh2 g4 12. Bf4 {[%emt 0:04:06] Hoping for hxg4.} gxh3 13. a3 Nxc3 14. Nxc3 Bd6 {[%emt 0:02:16] White must now prevent ...Bxf4.} 15. Bxd6 (15. Nxd5 Be6 16. Nc3 (16. Bxd6 $2 Bxd5 17. Bxc7 hxg2 $19) 16... Bxf4 $15) 15... Qxd6 16. gxh3 Bf5 17. Qa4 a6 18. Qb3 O-O-O 19. Na4 {[%emt 0:02:33] [#]} (19. Bg2 $11 {keeps the balance.}) 19... Nxd4 $1 $17 {[%emt 0:12:09][%mdl 512] Black is more active.} 20. exd4 {[%emt 0:00:28] And now 0-0-0 would win.} Rhe8+ 21. Be2 {[%emt 0:03:39] Kf1 would now be deadly.} Qf4 22. Rg1 $2 {[%emt 0:09:16][%mdl 8192] [#]} (22. Kf1 $17 Rxe2 (22... Qxd4 23. Rd1 $11) 23. Kxe2 Qxd4 (23... Qe4+ 24. Qe3 $15) 24. Rhd1 Re8+ (24... Qe4+ 25. Kf1 $17) 25. Kf1) 22... Rxe2+ $1 $19 {[%emt 0:03:19][%mdl 512] Black is clearly winning.} 23. Kxe2 {[%emt 0:00:09] [#]} Re8+ $1 24. Kf1 Qh2 {[%emt 0:00:30] Weighted Error Value: White=0.47/Black=0.07 (flawless) .  Loses game:     	White=1     	---        Mistake:       	White=1     	---        Inaccurate:     	White=4     	Black=2      OK:         	White=5     	Black=6      Best:        	White=2     	Black=1      Brilliant:      	---       	Black=2} (24... Qxd4 $2 {too greedy.} 25. Rg3 Bd7 26. Nc3 $18) 0-1

[Event "French Top 16-A 2024"]
[Site "Chartres"]
[Date "2024.06.03"]
[Round "5.6"]
[White "Barseghyan, Harutyun"]
[Black "Delorme, Axel"]
[Result "0-1"]
[ECO "E06"]
[WhiteElo "2431"]
[BlackElo "2489"]
[Annotator "TA"]
[PlyCount "96"]
[EventDate "2024.06.01"]
[EventType "team-tourn"]
[EventCountry "FRA"]
[SourceTitle "playchess.com"]
[Source "ChessBase"]
[SourceQuality "1"]
[TimeControl "40/5400+30:1800+30"]

1. d4 d5 2. c4 e6 3. Nf3 Nf6 4. g3 Be7 5. Bg2 O-O 6. Nbd2 b6 7. cxd5 exd5 8. Ne5 Bb7 9. O-O Na6 10. Ndf3 c5 11. b3 Nc7 {[%emt 0:03:04] The position is equal.} 12. Bb2 Ne6 13. Rc1 Re8 14. Rc2 Ne4 15. Qa1 Bf8 16. Rd1 Qe7 17. e3 Red8 18. dxc5 bxc5 19. Nd2 Nd6 20. Nd3 Rac8 21. Rdc1 (21. Qc1 $11) 21... Ne4 22. Ba3 (22. Rd1 $11) 22... Qg5 (22... Ba6 $15 23. Nf4 (23. Nxe4 Bxd3 24. Rxc5 Nxc5 $17) 23... Nxf4 24. gxf4 Nxd2 25. Rxd2 Qh4) 23. Nxe4 dxe4 24. Nf4 Nxf4 25. exf4 Qh5 26. Re1 Rd4 27. Bc1 $2 {[%emt 0:04:00][%mdl 8192] Black converts the advantage convincingly.} (27. h4 $11 {and White is okay.}) 27... Rd1 $19 28. Qc3 c4 {[%emt 0:00:41] Threatens to win with ...cxb3.} 29. Rf1 $2 (29. bxc4 $2 Rxc4 $19) (29. g4 Qxg4 30. h3 cxb3 31. hxg4 bxc2 (31... Rxc3 $2 32. Rxd1 bxc2 33. Rd8 $19) 32. Qe3) 29... Rxf1+ 30. Bxf1 {[%emt 0:00:01] [#]} e3 $1 31. bxc4 (31. Bxe3 $2 Qf3) (31. fxe3 $142 Qf3 32. bxc4 Qh1+ 33. Kf2 Qxh2+ 34. Ke1 Qxg3+ 35. Rf2) 31... Qf3 32. fxe3 Qh1+ 33. Kf2 Qxh2+ 34. Ke1 Qxg3+ 35. Rf2 h5 36. Bd2 Bc5 37. Qe5 {[%emt 0:00:25] Dodges Re8} h4 38. Ke2 (38. Bd3 $142) 38... Qg4+ 39. Ke1 Qg3 (39... f6 $142 40. Qc3 Qg3 (40... Be4 $2 41. Bd3 $19)) 40. Ke2 $1 Bb6 {[%emt 0:01:01][%cal Oc8d8] [#] White must now prevent ...Rd8!} (40... Qg4+ 41. Ke1 f6 42. Qb2) 41. Bc3 Bc6 {[%emt 0:08:46] Hoping for ...Re8.} 42. c5 Bb5+ 43. Kd1 Rxc5 ({Stronger than} 43... Qxf2 44. Qxg7#) 44. Qb8+ Kh7 45. Rg2 Qf3+ {[%emt 0:01:49] Black mates.} ({Weaker is} 45... Qxe3 46. Rxg7+ Kh6 47. Qh8#) 46. Kd2 Qd5+ ({Worse is} 46... Bxf1 47. Rxg7+ Kh6 48. Qh8#) 47. Bd4 Qxa2+ 48. Kd1 Ba4+ {[%emt 0:00:09] Weighted Error Value: White=0.99/Black=0.33.  Loses game:     	White=1     	---        Mistake:       	White=4     	Black=1      Inaccurate:     	White=4     	Black=2      OK:         	White=9     	Black=4      Best:        	White=2     	Black=7} 0-1

[Event "French Top 16-A 2024"]
[Site "Chartres"]
[Date "2024.06.03"]
[Round "5.7"]
[White "Tregubov, Pavel V."]
[Black "Migot, Tangi"]
[Result "1/2-1/2"]
[ECO "B40"]
[WhiteElo "2562"]
[BlackElo "2326"]
[Annotator "TA"]
[PlyCount "59"]
[EventDate "2024.06.01"]
[EventType "team-tourn"]
[EventCountry "FRA"]
[SourceTitle "playchess.com"]
[Source "ChessBase"]
[SourceQuality "1"]
[TimeControl "40/5400+30:1800+30"]

1. e4 c5 2. Nf3 e6 3. c3 d5 4. e5 d4 5. Na3 Ne7 6. Nc4 {[%emt 0:01:08] [#] Hoping for Nd6+.} Ng6 7. a4 Nc6 8. d3 Qc7 9. Qe2 b6 10. h4 {[%emt 0:00:26] aiming for h5.} h5 $1 11. g3 Bb7 12. Bg2 {[%emt 0:16:19] [#]} Ncxe5 $1 13. Ncxe5 Nxe5 14. cxd4 cxd4 15. O-O Nxf3+ (15... Ng4 {with more complications.} 16. Nxd4 Bxg2 17. Kxg2 Qd7) 16. Bxf3 Bc5 {[%emt 0:00:22] The position is equal.} 17. Bf4 Qd7 18. Bxb7 Qxb7 19. Qe5 O-O 20. Qxh5 Rfd8 21. Rfe1 Rd5 22. Qg4 Bd6 23. Bd2 Rc8 24. Rac1 {[%emt 0:05:12] Wards off Rc2} Bf8 25. b3 (25. Qe4 {is more complex.} Qa6 26. b3 b5 27. axb5 Rxb5 28. Rxc8 Qxc8 29. Rc1) 25... b5 26. axb5 Rxb5 27. Qxd4 Rxb3 28. Rxc8 Qxc8 29. Qxa7 Rxd3 30. Be3 {[%emt 0:02:27] Weighted Error Value: White=0.04 (flawless) /Black=0.05 (flawless) .  OK:         	White=6     	Black=11     Best:        	White=1     	---        Strong:       	---       	Black=1} 1/2-1/2

[Event "French Top 16-A 2024"]
[Site "Chartres"]
[Date "2024.06.03"]
[Round "5.7"]
[White "Flom, Gabriel"]
[Black "Goldsztejn, Gildas"]
[Result "0-1"]
[ECO "B76"]
[WhiteElo "2431"]
[BlackElo "2412"]
[Annotator "RC"]
[PlyCount "144"]
[EventDate "2024.06.01"]
[EventType "team-tourn"]
[EventCountry "FRA"]
[SourceTitle "playchess.com"]
[Source "ChessBase"]
[SourceQuality "1"]
[TimeControl "40/5400+30:1800+30"]

1. e4 c5 2. Nf3 d6 3. d4 cxd4 4. Nxd4 Nf6 5. Nc3 g6 6. Be3 Bg7 7. f3 O-O 8. Qd2 Nc6 9. O-O-O d5 10. exd5 Nxd5 11. Nxc6 bxc6 12. Bd4 e5 13. Bc5 Re8 14. Ne4 Qc7 15. h4 f5 16. Nd6 Rd8 17. Nxc8 Raxc8 18. h5 Nb6 19. Bxb6 Rxd2 20. Bc4+ Kf8 21. Bxc7 Rxd1+ 22. Rxd1 Bh6+ 23. Kb1 Rxc7 24. Rd6 Kg7 25. hxg6 hxg6 26. b4 e4 27. fxe4 fxe4 28. Kb2 Bf4 29. Re6 e3 30. a4 g5 31. a5 Kf8 32. Kb3 Re7 33. Rg6 Ke8 34. Be2 Kd7 35. c4 Kc7 36. c5 a6 37. Kc3 Kb7 38. Kd3 Kc7 39. Kc2 Re4 40. Rg7+ Kb8 41. Kb3 Re8 42. Rd7 Bg3 43. Rd4 Bf4 44. Kc2 Kb7 45. Kd1 Bc7 46. Rg4 Rd8+ 47. Kc1 Rd2 48. Bf3 Bf4 49. g3 Rf2 50. Be2 Rxe2 51. gxf4 Rf2 52. Kd1 gxf4 53. Rg7+ Kc8 54. Re7 Rb2 55. Rf7 Rxb4 56. Ke2 Rb2+ 57. Ke1 Rf2 58. Rf6 Kd7 59. Rd6+ Ke7 60. Rxc6 f3 61. Rc7+ Ke6 62. Rc6+ Kd5 63. Rf6 Kxc5 64. Rf8 Kb5 65. Rf5+ Kb4 66. Re5 Re2+ 67. Kf1 Kc3 68. Re8 Kd2 69. Rd8+ Kc2 70. Rf8 Rh2 71. Rxf3 Kd2 72. Rf2+ Rxf2+ 0-1

[Event "French Top 16-A 2024"]
[Site "Chartres"]
[Date "2024.06.03"]
[Round "5.8"]
[White "Guichard, Pauline"]
[Black "Cornileau, Juliette"]
[Result "1-0"]
[ECO "D11"]
[WhiteElo "2362"]
[BlackElo "2028"]
[Annotator "RC"]
[PlyCount "73"]
[EventDate "2024.06.01"]
[EventType "team-tourn"]
[EventCountry "FRA"]
[SourceTitle "playchess.com"]
[Source "ChessBase"]
[SourceQuality "1"]
[TimeControl "40/5400+30:1800+30"]

1. d4 d5 2. c4 c6 3. Nf3 Nf6 4. Nbd2 Bf5 5. Nh4 Be4 6. Qb3 Qc8 7. Nxe4 dxe4 8. g3 e6 9. Bh3 Nbd7 10. O-O h6 11. Ng2 Be7 12. Ne3 Qc7 13. Bd2 O-O 14. Rac1 Qb6 15. Qc3 a5 16. a3 a4 17. Rfd1 Qa6 18. Qc2 Rac8 19. Bg2 b5 20. c5 e5 21. dxe5 Nd5 22. Nf5 Bxc5 23. Qxe4 Qa7 24. Qg4 g6 25. Nxh6+ Kh7 26. Qh4 Be7 27. Bg5 Bxg5 28. Qxg5 Nxe5 29. Qxe5 Kxh6 30. Bxd5 cxd5 31. Rxc8 Rxc8 32. Rd4 Rc1+ 33. Kg2 g5 34. h4 Rc6 35. Qh8+ Kg6 36. h5+ Kf5 37. Rxd5+ 1-0

[Event "French Top 16-A 2024"]
[Site "Chartres"]
[Date "2024.06.03"]
[Round "5.8"]
[White "Fischer, Julie"]
[Black "Broly, Mathilde"]
[Result "1/2-1/2"]
[ECO "C45"]
[WhiteElo "2092"]
[BlackElo "2097"]
[Annotator "NA RC"]
[PlyCount "54"]
[EventDate "2024.06.01"]
[EventType "team-tourn"]
[EventCountry "FRA"]
[SourceTitle "playchess.com"]
[Source "ChessBase"]
[SourceQuality "1"]
[TimeControl "40/5400+30:1800+30"]

1. e4 e5 2. Nf3 Nc6 3. d4 exd4 4. Nxd4 Bc5 5. Nb3 Bb6 6. Nc3 Nf6 7. Bd3 d6 8. Bg5 h6 9. Bh4 g5 10. Bg3 Bg4 11. Qd2 Qe7 12. f3 Bd7 13. O-O-O O-O-O 14. Kb1 Be6 15. h4 Nh5 16. Bf2 Bxf2 17. Qxf2 Kb8 18. g3 Nf6 19. Nd4 Nxd4 20. Qxd4 c5 21. Qe3 Rhg8 22. e5 Bd7 23. hxg5 hxg5 24. Rhe1 Rde8 25. Re2 dxe5 26. Rde1 Qd6 27. g4 Bc6 1/2-1/2

[Event "French Top 16-A 2024"]
[Site "Chartres"]
[Date "2024.06.03"]
[Round "5.9"]
[White "Karthik Venkataraman"]
[Black "Alonso Rosell, Alvar"]
[Result "0-1"]
[ECO "C72"]
[WhiteElo "2606"]
[BlackElo "2556"]
[Annotator "RC"]
[PlyCount "124"]
[EventDate "2024.06.01"]
[EventType "team-tourn"]
[EventCountry "FRA"]
[SourceTitle "playchess.com"]
[Source "ChessBase"]
[SourceQuality "1"]
[TimeControl "40/5400+30:1800+30"]

1. e4 e5 2. Nf3 Nc6 3. Bb5 a6 4. Ba4 d6 5. O-O Bd7 6. c4 Nge7 7. Nc3 g6 8. d4 Bg7 9. dxe5 Nxe5 10. Nxe5 Bxe5 11. Bb3 Nc6 12. Be3 Na5 13. Qd2 Bc6 14. Bg5 Bf6 15. Bh6 Nxb3 16. axb3 Rg8 17. b4 g5 18. f4 gxf4 19. Qxf4 Rg6 20. Qe3 Bxc3 21. bxc3 Qe7 22. Rae1 O-O-O 23. Bf4 f5 24. Qh3 Qd7 25. b5 Bxe4 26. Rf2 axb5 27. cxb5 Qxb5 28. Qxh7 Rdg8 29. g3 Qe8 30. Ra2 Kb8 31. Qh3 Qc6 32. Re3 Qd5 33. Ra1 Qc5 34. Qf1 b6 35. Qf2 Bb7 36. h4 Rg4 37. Kh2 Qd5 38. Rg1 Bc6 39. Re7 Kb7 40. Qe3 Ra8 41. Qf2 Ra2 42. Re2 Ra4 43. Qe1 Raxf4 44. gxf4 Qf3 45. Rb2 Qxf4+ 46. Kh3 Qf3+ 47. Kh2 Be4 48. Ra2 Qf4+ 49. Kh3 Bf3 50. Rf1 Rg8 51. Rxf3 Qxf3+ 52. Kh2 Rg4 53. Rb2 f4 54. Ra2 Rg3 55. Qe6 Rg4 56. Qe1 Qd5 57. c4 Qxc4 58. Rg2 f3 59. Rxg4 Qxg4 60. Qg3 Qe4 61. h5 Qe2+ 62. Kh3 f2 0-1

[Event "French Top 16-A 2024"]
[Site "Chartres"]
[Date "2024.06.03"]
[Round "5.9"]
[White "Travadon, Loic"]
[Black "Ter-Sahakyan, Samvel"]
[Result "1/2-1/2"]
[ECO "B51"]
[WhiteElo "2446"]
[BlackElo "2652"]
[Annotator "TA"]
[PlyCount "44"]
[EventDate "2024.06.01"]
[EventType "team-tourn"]
[EventCountry "FRA"]
[SourceTitle "playchess.com"]
[Source "ChessBase"]
[SourceQuality "1"]
[TimeControl "40/5400+30:1800+30"]

1. e4 c5 2. Nf3 d6 3. Bb5+ Nd7 4. d4 cxd4 5. Nxd4 Ngf6 6. O-O a6 7. Bd3 Nc5 8. Nc3 {[%emt 0:00:10] White has an edge.} g6 9. Re1 Bg7 10. Bf1 O-O 11. a4 Bd7 12. Ra3 Rc8 13. a5 Re8 14. b4 e5 15. Nf3 Ne6 16. Be3 Nc7 17. Bg5 ({Reject} 17. Qxd6 Bf8 18. Qd3 (18. Qb6 $2 Re6 $19) 18... Bxb4 $11) 17... Bc6 18. Bc4 Qd7 19. Bxf6 Bxf6 {[%emt 0:00:07] The position is equal.} 20. Re2 Red8 21. Rd2 Kg7 22. Qe2 h5 {[%emt 0:05:32] Weighted Error Value: White=0.05 (flawless) /Black=0.06 (flawless) .  Inaccurate:     	White=1     	---        OK:         	White=10    	Black=9} 1/2-1/2

[Event "French Top 16-A 2024"]
[Site "Chartres"]
[Date "2024.06.03"]
[Round "5.10"]
[White "Fedorchuk, Sergey A."]
[Black "Bonte, Andrei-Mihai"]
[Result "1-0"]
[ECO "B18"]
[WhiteElo "2546"]
[BlackElo "2270"]
[Annotator "TA"]
[PlyCount "99"]
[EventDate "2024.06.01"]
[EventType "team-tourn"]
[EventCountry "FRA"]
[SourceTitle "playchess.com"]
[Source "ChessBase"]
[SourceQuality "1"]
[TimeControl "40/5400+30:1800+30"]

1. e4 c6 2. d4 d5 3. Nd2 dxe4 4. Nxe4 Bf5 5. Ng3 Bg6 6. Nh3 e6 7. Nf4 Qh4 8. Be3 Bd6 9. Qd2 Ne7 {[%emt 0:06:31] [#]} ({Better is} 9... Qe7 $14) 10. Be2 (10. Nxe6 $1 $16 fxe6 11. Bg5 Bxg3 (11... Qg4 $2 12. Be2 $18) 12. Bxh4 Bxh4 13. Bc4) 10... Bxf4 $14 11. Bxf4 h6 {[%emt 0:00:08] Dodges Bg5} 12. Bd6 Nc8 (12... a5 $14) 13. Ba3 $16 {[%emt 0:00:59] White is more active. Black is on the road to losing.} Nd7 14. O-O Ncb6 15. c4 O-O-O 16. Rfd1 Ne5 (16... Rhe8 $16 17. Qa5 Qg5 18. Qxa7 Kc7) 17. Qc3 Ng4 18. h3 Nf6 19. b3 Ne4 {[%emt 0:03:43] [#]} 20. Nxe4 Qxe4 (20... Bxe4 $142 21. Qa5 Qg5 22. Qxg5 (22. Qxa7 $2 Qxg2#) 22... hxg5) 21. Bf3 $18 Qc2 22. Qe3 Rhe8 23. Bc5 {[%emt 0:03:05] Threatens to win with a4.} Kb8 24. a4 {[%emt 0:00:46][%cal Ba2a4,Ba4a5][%mdl 32] And now a5 would win.} Nd7 25. Bd6+ {[%emt 0:02:24] A strong pair of Bishops.} Ka8 26. a5 a6 27. Rac1 Qb2 28. Re1 {[%emt 0:05:27] Re2 would now be deadly.} Nb8 29. Re2 Qxc1+ 30. Qxc1 Rxd6 {[%emt 0:00:07] [#]} 31. d5 cxd5 32. cxd5 Red8 33. Qc7 {[%emt 0:01:16] dxe6 would kill now.} R6d7 34. Qc3 exd5 35. Qxg7 Nc6 36. Rb2 (36. Qxh6 Nd4 37. Qe3 Nxe2+ 38. Qxe2 Be4 39. Bxe4 Re7 $11) 36... Nxa5 37. Qxh6 Nc6 38. h4 Ne5 39. Be2 d4 40. Qf4 Nc6 41. h5 Bh7 42. Bg4 Rd6 (42... Re7 {is a better defense.} 43. Re2 Rxe2 44. Bxe2 d3) 43. Qxf7 Bg8 44. Qc7 {[%emt 0:00:00] aiming for Bc8.} Bd5 45. Rd2 Be4 46. f3 Ne5 47. Bc8 Nxf3+ 48. gxf3 Bxf3 49. Rf2 Bd5 {[%emt 0:00:03] [#]} 50. Rf7 $1 {[%emt 0:00:00] Weighted Error Value: White=0.14 (very precise) /Black=0.32.  Mistake:       	White=1     	Black=5      Inaccurate:     	---       	Black=5      OK:         	White=18    	Black=11     Best:        	---       	Black=4} 1-0

[Event "French Top 16-A 2024"]
[Site "Chartres"]
[Date "2024.06.03"]
[Round "5.10"]
[White "Ramirez Garcia, Jorge Alberto"]
[Black "Demuth, Adrien"]
[Result "0-1"]
[ECO "A33"]
[WhiteElo "2266"]
[BlackElo "2505"]
[Annotator "RC"]
[PlyCount "60"]
[EventDate "2024.06.01"]
[EventType "team-tourn"]
[EventCountry "FRA"]
[SourceTitle "playchess.com"]
[Source "ChessBase"]
[SourceQuality "1"]
[TimeControl "40/5400+30:1800+30"]

1. d4 Nf6 2. Nf3 c5 3. c4 cxd4 4. Nxd4 Nc6 5. Nc3 e6 6. g3 Qb6 7. Nc2 d5 8. cxd5 exd5 9. Nxd5 Nxd5 10. Qxd5 Be6 11. Qe4 Bc5 12. Bh3 Bxf2+ 13. Kf1 O-O 14. Bxe6 fxe6 15. Kg2 Bc5 16. b4 Be7 17. Be3 Qb5 18. Qxe6+ Kh8 19. Nd4 Nxd4 20. Bxd4 Bf6 21. Bxf6 Rxf6 22. Qe4 Re8 23. a4 Qh5 24. Qd3 Rxe2+ 25. Kg1 Qe8 26. Rf1 Rxf1+ 27. Kxf1 Ra2 28. Qf3 Qc8 29. Qf4 Qh3+ 30. Ke1 Qe6+ 0-1

[Event "French Top 16-A 2024"]
[Site "Chartres"]
[Date "2024.06.03"]
[Round "5.11"]
[White "Parligras, Mircea-Emilian"]
[Black "Solakian-Van Eyll, Jerome"]
[Result "1-0"]
[ECO "D27"]
[WhiteElo "2561"]
[BlackElo "2247"]
[Annotator "RC"]
[PlyCount "61"]
[EventDate "2024.06.01"]
[EventType "team-tourn"]
[EventCountry "FRA"]
[SourceTitle "playchess.com"]
[Source "ChessBase"]
[SourceQuality "1"]
[TimeControl "40/5400+30:1800+30"]

1. d4 d5 2. c4 dxc4 3. Nf3 Nf6 4. e3 e6 5. Bxc4 c5 6. O-O Nc6 7. Nc3 a6 8. dxc5 Qxd1 9. Rxd1 Bxc5 10. Nd2 O-O 11. Nb3 Bb4 12. Bd2 Rd8 13. a3 Be7 14. e4 b5 15. Be2 b4 16. axb4 Bxb4 17. Be3 Bb7 18. Nc5 Bxc5 19. Bxc5 Nd7 20. Be3 Nb4 21. Rd2 Ne5 22. Rad1 Rxd2 23. Rxd2 a5 24. Bb6 Ba6 25. Bxa6 Nxa6 26. Rd4 Nb4 27. Kf1 Nec6 28. Rd6 Kf8 29. Bc5 Ke8 30. Nb5 Rc8 31. Rd2 1-0

[Event "French Top 16-A 2024"]
[Site "Chartres"]
[Date "2024.06.03"]
[Round "5.11"]
[White "Willems, Niels"]
[Black "Grigoryan, Karen H."]
[Result "1/2-1/2"]
[ECO "C11"]
[WhiteElo "2329"]
[BlackElo "2583"]
[Annotator "TA"]
[PlyCount "35"]
[EventDate "2024.06.01"]
[EventType "team-tourn"]
[EventCountry "FRA"]
[SourceTitle "playchess.com"]
[Source "ChessBase"]
[SourceQuality "1"]
[TimeControl "40/5400+30:1800+30"]

1. d4 Nf6 2. Nc3 e6 3. e4 d5 4. e5 Nfd7 5. f4 c5 6. Nf3 Nc6 7. Be3 a6 8. a3 b5 9. dxc5 Bxc5 10. Bxc5 Nxc5 {[%emt 0:00:04] The position is equal.} 11. b4 Nd7 12. Bd3 Qb6 13. Qd2 O-O 14. Qf2 Qxf2+ 15. Kxf2 f6 16. exf6 Rxf6 17. Rhe1 Nb6 18. Ke3 {[%emt 0:00:00] Weighted Error Value: White=0.03 (flawless) /Black=0.13 (very precise) .  Mistake:       	White=1     	---        Inaccurate:     	---       	Black=1      OK:         	White=6     	Black=3} (18. g3 $14) 1/2-1/2